TOP OF THE 1ST |
Hudsonville Flanderses batting - Pitching for Santa Fe Revolvers : LHP Narihira Yokota
|
Pitching: LHP Narihira Yokota
|
|
Batting: SHB Kensaku Usui
|
0-0: Ball 1-0: Ball 2-0: Foul Ball, location: 2F 2-1: Ball 3-1: Base on Balls
|
Batting: LHB Yu Miao
|
0-0: Foul Ball, location: 2F 0-1: SINGLE (Line Drive, 34D) Kensaku Usui to second Runner from 2nd tries for 3rd, SAFE, no throw
|
Batting: RHB Rex Mosley
|
0-0: Ball 1-0: Foul Ball, location: 2F 1-1: Ball 2-1: Ball 3-1: Base on Balls Yu Miao to second
|
Batting: LHB Gregory Clement
|
0-0: Called Strike 0-1: Ball 1-1: Fielders Choice at 2nd, 5-4 (Groundball, 5) Kensaku Usui scores Yu Miao to third
|
Batting: LHB Sandro Goro
|
0-0: Foul Ball, location: 2F 0-1: SINGLE (Groundball, 56S) (infield hit) Yu Miao scores Gregory Clement to second
|
Batting: LHB Aurelius Estrada
|
0-0: Ball 1-0: Called Strike 1-1: Ball 2-1: Foul Ball, location: 2F 2-2: Ball 3-2: Grounds into double play, 4-6-3 (Groundball, 4)
|
Top of the 1st over - 2 runs, 2 hits, 0 errors, 1 left on base; Hudsonville 2 - Santa Fe 0 |
BOTTOM OF THE 1ST |
Santa Fe Revolvers batting - Pitching for Hudsonville Flanderses : RHP Jesús Silva
|
Pitching: RHP Jesús Silva
|
|
Batting: RHB Brook Linen
|
0-0: Ball 1-0: Called Strike 1-1: Ball 2-1: Called Strike 2-2: Fly out, F7 (Flyball, 78S)
|
Batting: RHB George Cook
|
0-0: SINGLE (Line Drive, 7LS)
|
Batting: LHB Brendon Lewis
|
0-0: Called Strike 0-1: Ball 1-1: Ball 2-1: Called Strike George Cook is caught stealing 2nd base 2-2: Ground out 4-3 (Groundball, 4M)
|
Bottom of the 1st over - 0 runs, 1 hit, 0 errors, 0 left on base; Hudsonville 2 - Santa Fe 0 |
TOP OF THE 2ND |
Hudsonville Flanderses batting - Pitching for Santa Fe Revolvers : LHP Narihira Yokota
|
Batting: RHB Kamaaluddeen Kohli
|
0-0: Ball 1-0: Ball 2-0: Ball 3-0: Called Strike 3-1: Swinging Strike 3-2: Strikes out swinging
|
Batting: RHB Raúl Colomo
|
0-0: Ball 1-0: Ball 2-0: Foul Ball, location: 2F 2-1: Swinging Strike 2-2: Fly out, F8 (Flyball, 8LD)
|
Batting: RHB Miguel Pacheco
|
0-0: Ball 1-0: Ball 2-0: DOUBLE (Flyball, 8RD)
|
Batting: SHB Kensaku Usui
|
0-0: Called Strike 0-1: Ball 1-1: Fly out, F6 (Line Drive, 6)
|
Top of the 2nd over - 0 runs, 1 hit, 0 errors, 1 left on base; Hudsonville 2 - Santa Fe 0 |
BOTTOM OF THE 2ND |
Santa Fe Revolvers batting - Pitching for Hudsonville Flanderses : RHP Jesús Silva
|
Batting: LHB Leilani Aberahama
|
0-0: Called Strike 0-1: Called Strike 0-2: Ball 1-2: Ground out U3 (Groundball, 3L)
|
Batting: RHB Eric Landry
|
0-0: Ball 1-0: Called Strike 1-1: Foul Ball, location: 2F 1-2: Strikes out swinging
|
Batting: RHB Jason Watts
|
0-0: Swinging Strike 0-1: Ball 1-1: Swinging Strike 1-2: Strikes out swinging
|
Bottom of the 2nd over - 0 runs, 0 hits, 0 errors, 0 left on base; Hudsonville 2 - Santa Fe 0 |
TOP OF THE 3RD |
Hudsonville Flanderses batting - Pitching for Santa Fe Revolvers : LHP Narihira Yokota
|
Batting: LHB Yu Miao
|
0-0: Ball 1-0: SINGLE (Line Drive, 4MD)
|
Batting: RHB Rex Mosley
|
0-0: Swinging Strike 0-1: Ball 1-1: Called Strike 1-2: Fly out, F8 (Flyball, 8LD)
|
Batting: LHB Gregory Clement
|
0-0: Ball 1-0: Ball 2-0: Grounds into double play, 5-4-3 (Groundball, 5L)
|
Top of the 3rd over - 0 runs, 1 hit, 0 errors, 0 left on base; Hudsonville 2 - Santa Fe 0 |
BOTTOM OF THE 3RD |
Santa Fe Revolvers batting - Pitching for Hudsonville Flanderses : RHP Jesús Silva
|
Batting: RHB Mark Merry
|
0-0: Ball 1-0: Called Strike 1-1: Swinging Strike 1-2: Foul Ball, location: 2F 1-2: Foul Ball, location: 2F 1-2: Ball 2-2: SINGLE (Groundball, 34D)
|
Batting: RHB Gary Ellis
|
0-0: Foul Ball, location: 2F 0-1: Called Strike 0-2: Ball 1-2: Ball 2-2: Foul Ball, location: 2F 2-2: Ball 3-2: Fly out, F5 (Line Drive, 5S)
|
Batting: LHB Carroll Stevens
|
0-0: Swinging Strike 0-1: Foul Ball, location: 2F 0-2: Ball 1-2: Foul Ball, location: 2F 1-2: Foul Ball, location: 2F 1-2: Ball 2-2: Strikes out looking
|
Batting: RHB Brook Linen
|
0-0: Fly out, F8 (Flyball, 8LD)
|
Bottom of the 3rd over - 0 runs, 1 hit, 0 errors, 1 left on base; Hudsonville 2 - Santa Fe 0 |
TOP OF THE 4TH |
Hudsonville Flanderses batting - Pitching for Santa Fe Revolvers : LHP Narihira Yokota
|
Batting: LHB Sandro Goro
|
0-0: Ball 1-0: Fly out, F7 (Flyball, 7)
|
Batting: LHB Aurelius Estrada
|
0-0: Called Strike 0-1: Ball 1-1: Swinging Strike 1-2: Strikes out swinging
|
Batting: RHB Kamaaluddeen Kohli
|
0-0: Ball 1-0: Foul Ball, location: 2F 1-1: Ground out 6-3 (Groundball, 6)
|
Top of the 4th over - 0 runs, 0 hits, 0 errors, 0 left on base; Hudsonville 2 - Santa Fe 0 |
BOTTOM OF THE 4TH |
Santa Fe Revolvers batting - Pitching for Hudsonville Flanderses : RHP Jesús Silva
|
Batting: RHB George Cook
|
0-0: Ball 1-0: Called Strike 1-1: Swinging Strike 1-2: Ball 2-2: Ball 3-2: Base on Balls
|
Batting: LHB Brendon Lewis
|
0-0: Called Strike 0-1: Ball 1-1: SINGLE (Flyball, 89S) George Cook to second
|
Batting: LHB Leilani Aberahama
|
0-0: Called Strike 0-1: Foul Ball, location: 2F 0-2: Foul Ball, location: 2F 0-2: Ball 1-2: Ball 2-2: Ball 3-2: Fly out, F8 (Flyball, 89D) Runner from 2nd tags up, SAFE at 3rd, no throw
|
Batting: RHB Eric Landry
|
0-0: Fly out, F8 (Flyball, 8RM) Runner from 3rd tags up, SCORES, throw made
|
Batting: RHB Jason Watts
|
0-0: Called Strike 0-1: DOUBLE (Line Drive, 7LM) Brendon Lewis to third
|
Batting: RHB Mark Merry
|
0-0: Called Strike 0-1: Ball 1-1: Called Strike 1-2: Ball 2-2: Ball 3-2: Foul Ball, location: 2F 3-2: Foul Ball, location: 2F 3-2: Foul Ball, location: 2F 3-2: Ground out 6-3 (Groundball, 6)
|
Bottom of the 4th over - 1 run, 2 hits, 0 errors, 2 left on base; Hudsonville 2 - Santa Fe 1 |
TOP OF THE 5TH |
Hudsonville Flanderses batting - Pitching for Santa Fe Revolvers : LHP Narihira Yokota
|
Batting: RHB Raúl Colomo
|
0-0: Ball 1-0: Ball 2-0: Fly out, F7 (Flyball, 78D)
|
Batting: RHB Miguel Pacheco
|
0-0: Foul Ball, location: 2F 0-1: SINGLE (Groundball, 6MD)
|
Batting: SHB Kensaku Usui
|
0-0: Ball 1-0: SINGLE (Groundball, 6MD) Miguel Pacheco to second
|
Batting: LHB Yu Miao
|
0-0: Swinging Strike 0-1: Swinging Strike 0-2: Grounds into double play, 6-4-3 (Groundball, 6)
|
Top of the 5th over - 0 runs, 2 hits, 0 errors, 1 left on base; Hudsonville 2 - Santa Fe 1 |
BOTTOM OF THE 5TH |
Santa Fe Revolvers batting - Pitching for Hudsonville Flanderses : RHP Jesús Silva
|
Batting: RHB Gary Ellis
|
0-0: Called Strike 0-1: Swinging Strike 0-2: Ball 1-2: Ball 2-2: Ball 3-2: Ground out 1-3 (Groundball, 13S)
|
Batting: LHB Carroll Stevens
|
0-0: Called Strike 0-1: Ball 1-1: Fly out, F7 (Flyball, 8LS)
|
Batting: RHB Brook Linen
|
0-0: Called Strike 0-1: Ball 1-1: Ground out 5-3 (Groundball, 5)
|
Bottom of the 5th over - 0 runs, 0 hits, 0 errors, 0 left on base; Hudsonville 2 - Santa Fe 1 |
TOP OF THE 6TH |
Hudsonville Flanderses batting - Pitching for Santa Fe Revolvers : LHP Narihira Yokota
|
Batting: RHB Rex Mosley
|
0-0: SINGLE (Groundball, 6MD)
|
Batting: LHB Gregory Clement
|
0-0: Ball 1-0: Ball 2-0: Called Strike 2-1: Swinging Strike 2-2: Ball 3-2: Foul Ball, location: 2F 3-2: Foul Ball, location: 2F 3-2: Foul Ball, location: 2F 3-2: Foul Ball, location: 2F 3-2: Base on Balls Rex Mosley to second
|
Batting: LHB Sandro Goro
|
0-0: Called Strike 0-1: Ball 1-1: DOUBLE (Line Drive, 7LM) Rex Mosley scores Gregory Clement to third Runner from 3rd tries for Home, SAFE, no throw
|
Batting: LHB Aurelius Estrada
|
0-0: SINGLE (Groundball, 6MD) Sandro Goro to third
|
Batting: RHB Kamaaluddeen Kohli
|
0-0: Ball 1-0: Ball 2-0: DOUBLE (Line Drive, 8RD) Sandro Goro scores Aurelius Estrada to third
|
Pitching: RHP Ger Revet
|
|
Batting: RHB Raúl Colomo
|
0-0: Swinging Strike 0-1: SINGLE (Groundball, 34D) Aurelius Estrada scores Kamaaluddeen Kohli to third
|
Batting: RHB Miguel Pacheco
|
0-0: Called Strike 0-1: Foul Ball, location: 2F 0-2: Ball 1-2: Strikes out swinging
|
Batting: SHB Kensaku Usui
|
0-0: Called Strike 0-1: Ball 1-1: Ball 2-1: Foul Ball, location: 2F 2-2: Foul Ball, location: 2F 2-2: Strikes out looking
|
Batting: LHB Yu Miao
|
0-0: Called Strike 0-1: Called Strike 0-2: Foul Ball, location: 2F 0-2: Ball 1-2: Ball 2-2: Foul Ball, location: 2F 2-2: Strikes out swinging
|
Top of the 6th over - 4 runs, 5 hits, 0 errors, 2 left on base; Hudsonville 6 - Santa Fe 1 |
BOTTOM OF THE 6TH |
Santa Fe Revolvers batting - Pitching for Hudsonville Flanderses : RHP Jesús Silva
|
Pitching: RHP Leon Alfons
|
|
Batting: RHB George Cook
|
0-0: Ball 1-0: Ground out 1-3 (Groundball, P)
|
Batting: LHB Brendon Lewis
|
0-0: Called Strike 0-1: Ball 1-1: Ball 2-1: Ball 3-1: Swinging Strike 3-2: Strikes out swinging
|
Batting: LHB Leilani Aberahama
|
0-0: Called Strike 0-1: Foul Ball, location: 2F 0-2: SINGLE (Flyball, 89S)
|
Batting: RHB Eric Landry
|
0-0: Ball 1-0: Ball 2-0: Swinging Strike 2-1: Ground out 5-3 (Groundball, 56)
|
Bottom of the 6th over - 0 runs, 1 hit, 0 errors, 1 left on base; Hudsonville 6 - Santa Fe 1 |
TOP OF THE 7TH |
Hudsonville Flanderses batting - Pitching for Santa Fe Revolvers : RHP Ger Revet
|
Batting: RHB Rex Mosley
|
0-0: Ball 1-0: Foul Ball, location: 2F 1-1: Called Strike 1-2: Foul Ball, location: 2F 1-2: Ball 2-2: Strikes out swinging
|
Batting: LHB Gregory Clement
|
0-0: SINGLE (Line Drive, 56S)
|
Batting: LHB Sandro Goro
|
0-0: Called Strike 0-1: Called Strike 0-2: Ball 1-2: Foul Ball, location: 2F 1-2: Fielders Choice at 2nd, 3-6 (Groundball, 3)
|
Batting: LHB Aurelius Estrada
|
0-0: Ball 1-0: Swinging Strike 1-1: Foul Ball, location: 2F 1-2: SINGLE (Line Drive, 6) Sandro Goro to second
|
Batting: RHB Kamaaluddeen Kohli
|
0-0: Foul Ball, location: 2F 0-1: Called Strike 0-2: Strikes out looking
|
Top of the 7th over - 0 runs, 2 hits, 0 errors, 2 left on base; Hudsonville 6 - Santa Fe 1 |
BOTTOM OF THE 7TH |
Santa Fe Revolvers batting - Pitching for Hudsonville Flanderses : RHP Leon Alfons
|
Batting: RHB Jason Watts
|
0-0: Ball 1-0: SINGLE (Line Drive, 4D)
|
Batting: RHB Mark Merry
|
0-0: Ball 1-0: Ball 2-0: Foul Ball, location: 2F 2-1: Swinging Strike 2-2: Ball 3-2: Strikes out swinging
|
Batting: RHB Gary Ellis
|
0-0: Ball 1-0: Ball 2-0: Called Strike 2-1: Ball 3-1: Base on Balls Jason Watts to second
|
Batting: LHB Carroll Stevens
|
0-0: Called Strike 0-1: Ball 1-1: Swinging Strike 1-2: Ball 2-2: Ball 3-2: Strikes out swinging Gary Ellis steals 2nd base Batter strikes out. Jason Watts to third
|
Batting: RHB Brook Linen
|
0-0: Called Strike 0-1: Ball 1-1: Called Strike 1-2: Foul Ball, location: 2F 1-2: Foul Ball, location: 2F 1-2: Foul Ball, location: 2F 1-2: Ball 2-2: Strikes out swinging
|
Bottom of the 7th over - 0 runs, 1 hit, 0 errors, 2 left on base; Hudsonville 6 - Santa Fe 1 |
TOP OF THE 8TH |
Hudsonville Flanderses batting - Pitching for Santa Fe Revolvers : RHP Ger Revet
|
Batting: RHB Raúl Colomo
|
0-0: Ball 1-0: Fly out, F7 (Flyball, 78D)
|
Batting: RHB Miguel Pacheco
|
0-0: Swinging Strike 0-1: Hit by Pitch
|
Batting: SHB Kensaku Usui
|
0-0: Ball 1-0: Ball 2-0: Fly out, F8 (Line Drive, 8RM)
|
Batting: LHB Yu Miao
|
0-0: Called Strike 0-1: Hit by Pitch Miguel Pacheco to second
|
Batting: RHB Rex Mosley
|
0-0: Ball 1-0: Ball 2-0: Called Strike 2-1: Ball 3-1: Base on Balls Miguel Pacheco to third Yu Miao to second
|
Batting: LHB Gregory Clement
|
0-0: Ball 1-0: Called Strike 1-1: Ball 2-1: Ball 3-1: Foul Ball, location: 2F 3-2: Strikes out swinging
|
Top of the 8th over - 0 runs, 0 hits, 0 errors, 3 left on base; Hudsonville 6 - Santa Fe 1 |
BOTTOM OF THE 8TH |
Santa Fe Revolvers batting - Pitching for Hudsonville Flanderses : RHP Leon Alfons
|
Batting: RHB George Cook
|
0-0: Called Strike 0-1: Ball 1-1: Foul Ball, location: 2F 1-2: Ball 2-2: Ball 3-2: Strikes out looking
|
Batting: LHB Brendon Lewis
|
0-0: Called Strike 0-1: Called Strike 0-2: Ball 1-2: Foul Ball, location: 2F 1-2: Strikes out swinging
|
Batting: LHB Leilani Aberahama
|
0-0: Foul Ball, location: 2F 0-1: Foul Ball, location: 2F 0-2: Ball 1-2: Ball 2-2: DOUBLE (Line Drive, 9LM)
|
Batting: RHB Eric Landry
|
0-0: Ball 1-0: Swinging Strike 1-1: SINGLE (Flyball, 7LM) Leilani Aberahama to third Runner from 3rd tries for Home, SAFE, no throw
|
Batting: RHB Jason Watts
|
0-0: Ball 1-0: Ball 2-0: Ball 3-0: Called Strike 3-1: SINGLE (Line Drive, 4M) Eric Landry to second
|
Batting: RHB Mark Merry
|
0-0: Called Strike 0-1: Called Strike 0-2: Strikes out swinging
|
Bottom of the 8th over - 1 run, 3 hits, 0 errors, 2 left on base; Hudsonville 6 - Santa Fe 2 |
TOP OF THE 9TH |
Hudsonville Flanderses batting - Pitching for Santa Fe Revolvers : RHP Ger Revet
|
Pitching: RHP Tom King
|
|
Batting: LHB Sandro Goro
|
0-0: Foul Ball, location: 2F 0-1: Ball 1-1: Swinging Strike 1-2: Ball 2-2: Ball 3-2: Foul Ball, location: 2F 3-2: Strikes out looking
|
Batting: LHB Aurelius Estrada
|
0-0: Swinging Strike 0-1: Ball 1-1: Swinging Strike 1-2: Ball 2-2: Strikes out swinging, 2-3 out at first.
|
Batting: RHB Kamaaluddeen Kohli
|
0-0: Called Strike 0-1: Foul Ball, location: 2F 0-2: Strikes out looking
|
Top of the 9th over - 0 runs, 0 hits, 0 errors, 0 left on base; Hudsonville 6 - Santa Fe 2 |
BOTTOM OF THE 9TH |
Santa Fe Revolvers batting - Pitching for Hudsonville Flanderses : RHP Leon Alfons
|
Batting: RHB Gary Ellis
|
0-0: Ball 1-0: Foul Ball, location: 2F 1-1: Called Strike 1-2: Ball 2-2: Ball 3-2: DOUBLE (Flyball, 78XD)
|
Batting: LHB Carroll Stevens
|
0-0: Ball 1-0: Called Strike 1-1: Called Strike 1-2: Strikes out looking
|
Batting: RHB Brook Linen
|
0-0: Foul Ball, location: 2F 0-1: Foul Ball, location: 2F 0-2: Ball 1-2: SINGLE (Groundball, 6MD) Gary Ellis to third
|
Batting: RHB George Cook
|
0-0: Foul Ball, location: 2F 0-1: Foul Ball, location: 2F 0-2: SINGLE (Line Drive, 3) Gary Ellis scores Brook Linen to second
|
Batting: LHB Brendon Lewis
|
0-0: Called Strike 0-1: Fly out, F9 (Flyball, 89M)
|
Pitching: LHP Salvador Graciani
|
|
Pinch Hitting: RHB Harley Colman
|
0-0: Ball 1-0: Ball 2-0: Ball 3-0: Called Strike 3-1: Foul Ball, location: 2F 3-2: Foul Ball, location: 2F 3-2: Base on Balls Brook Linen to third George Cook to second
|
Batting: RHB Eric Landry
|
0-0: Ball 1-0: SINGLE (Groundball, 25) (infield hit) Brook Linen scores George Cook to third Harley Colman to second
|
Batting: RHB Jason Watts
|
0-0: Fielders Choice at 2nd, 5-4 (Groundball, 5)
|
Bottom of the 9th over - 2 runs, 4 hits, 0 errors, 3 left on base; Hudsonville 6 - Santa Fe 4 |
|